 Dungeon Crawl Stone Soup version 0.22-a0-409-gb855193 (webtiles) character file.

16 dstrtnsr the Shield-Bearer (level 2, 14/29 HPs)
             Began as a Troll Fighter on May 10, 2018.
             Quit the game on level 2 of the Dungeon.
             The game lasted 00:00:26 (214 turns).

dstrtnsr the Shield-Bearer (Troll Fighter)           Turns: 214, Time: 00:00:27

Health: 14/29      AC:  5    Str: 23    XL:     2   Next: 37%
Magic:  1/1        EV:  8    Int:  4    God:
Gold:   14         SH:  8    Dex:  9    Spells: 1/1 levels left

rFire    . . .     SeeInvis .     - Unarmed
rCold    . . .     Gourm    +   b - +0 shield
rNeg     . . .     Faith    .   a - +0 robe
rPois    .         Spirit   .   (helmet restricted)
rElec    .         Reflect  .   (no cloak)
rCorr    .         Harm     .   (gloves unavailable)
MR       .....                  (boots unavailable)
Stlth    +.........             (no amulet)
HPRegen  0.49/turn              (no ring)
MPRegen  0.07/turn              (no ring)

@: no status effects
A: large, unfitting armour, claws 3, fast metabolism 3, gourmand, regeneration
1, shaggy fur 1, tough skin 2
a: no special abilities


You were on level 2 of the Dungeon.
You were very full.

You visited 1 branch of the dungeon, and saw 2 of its levels.

You collected 14 gold pieces.

Inventory:

Armour
 a - a +0 robe (worn)
 b - a +0 shield (worn)
Scrolls
 d - a scroll of enchant armour {unknown}
 f - 2 scrolls of blinking {unknown}
Potions
 c - a potion of might
 g - a potion of degeneration {unknown}
Comestibles
 e - 2 rations {!d}


   Skills:
 + Level 2.6 Fighting
 - Level 2.4 Dodging
 + Level 2.6 Shields
 * Level 2.6 Unarmed Combat


You had one spell level left.
You didn't know any spells.

Dungeon Overview and Level Annotations

Branches:
Dungeon (2/15)

Altars:


Innate Abilities, Weirdness & Mutations

You are too large for most types of armour.
You have claws for hands.
Your metabolism is lightning-fast.
You like to eat raw meat.
Your natural rate of healing is unusually fast.
You are covered in fur. (AC +1)
You have very tough skin. (AC +2)


Message History

No target in view!
Things that are here:
a dagger; a kobold corpse Key pressed, stopping explore.
No target in view!
No target in view!
f - 2 scrolls labeled MIOMOMA WOUGU (gained 1)
Found a hand axe.
A frilled lizard comes into view.
The frilled lizard hisses angrily.
The frilled lizard bites you.
You miss the frilled lizard.
The frilled lizard bites you but does no damage.
You barely miss the frilled lizard.
The frilled lizard bites you but does no damage.
You barely miss the frilled lizard.
The frilled lizard bites you but does no damage.
A frilled lizard is nearby!
You barely miss the frilled lizard.
The frilled lizard bites you but does no damage.
You barely miss the frilled lizard. The frilled lizard bites you.
You closely miss the frilled lizard.
The frilled lizard bites you but does no damage.
You claw the frilled lizard!
You kill the frilled lizard!
No target in view!
No target in view!
There is a stone staircase leading down here.
You climb downwards.
There is a stone staircase leading up here.
You open the door.
A worm comes into view.
A worm is nearby!
A worm is nearby!
A worm is nearby!
Found a cyan potion.
There is an open door here.
A worm is nearby!
A goblin comes into view.
The goblin shouts!
You hear an angry hiss.
The goblin moves out of view.
You scratch the worm but do no damage. The worm bites you.
You scratch the worm.
The worm is lightly wounded.
The worm barely misses you.
You claw the worm!
The worm is heavily wounded.
You scratch the worm but do no damage.
The worm is heavily wounded.
The worm bites you!
You claw the worm!
You kill the worm!
You scratch the goblin.
You kill the goblin!
No target in view!
No target in view!
A frilled lizard comes into view.
A frilled lizard is nearby!
A frilled lizard is nearby!
A frilled lizard is nearby!
Things that are here:
a goblin corpse; a worm corpse You claw the frilled lizard!
You kill the frilled lizard!
No target in view!
No target in view!
No target in view!
No target in view!
HP restored.
Found a mace.
g - a cyan potion You now have 14 gold pieces.
A worm comes into view.
A worm is nearby!
The worm bites you.
You completely miss the worm. You block the worm's attack.
A worm is nearby!
You claw the worm!
The worm is heavily wounded.
You scratch the worm but do no damage.
The worm is heavily wounded.
The worm bites you.
Your shield prevents you from hitting the worm.
The worm is heavily wounded.
You block the worm's attack.
You scratch the worm but do no damage.
The worm is heavily wounded.
Your shield prevents you from hitting the worm.
The worm is heavily wounded.
The worm bites you!
You are too injured to fight recklessly!
You are too injured to fight recklessly!
You are too injured to fight recklessly!
You are too injured to fight recklessly!
You are too injured to fight recklessly!
You are too injured to fight recklessly!
You are too injured to fight recklessly!
You are too injured to fight recklessly!
You don't know any spells.
Are you sure you want to abandon this character and quit the game? (Confirm with "yes".)

##...## ##.## ##.## #.#
########.## #.# #.........#
##+## . #.######..# ##...##
..# #.# ####..###...<.##
#...# #.###.##..##.......##
......##.##......#.........#
........w..@.....+.........'
##.##.##.##...##.#.........#
# #.##...##.##.......##
#.........###.....##
#####.##### ##...## #.# ##+#
#.# #.# #.#


You could see a worm.

Vanquished Creatures
  A worm (D:2)
  A ball python (D:1)
  2 goblins
  A hobgoblin (D:1)
  3 jackals (D:1)
  2 frilled lizards
  A kobold (D:1)
  A rat (D:1)
12 creatures vanquished.

Notes
Turn   | Place    | Note
-------+----------+-------------------------------------------
     0 | D:1      | dstrtnsr the Troll Fighter began the quest for the Orb.
     0 | D:1      | Reached XP level 1. HP: 22/22 MP: 0/0
    65 | D:1      | Reached XP level 2. HP: 27/29 MP: 1/1
   214 | D:2      | Quit the game

Vault maps used:
D:1:      scummos_arrival_checkerplants, minmay_crystal_room
D:2:      yredelemnul_altar_generic

Action                   || total
-------------------------++-------
Melee: Unarmed           ||    47
  Eat: Chunk             ||     6
Armor: Robe              ||    18
Dodge: Dodged            ||     9
Block: Shield            ||     9

Table legend:
 A = Spawn XP
 B = Non-spawn XP
 C = Spawn XP percentage of total XP
 D = Spawn monster count
 E = Non-spawn monster count
 F = Spawn count percentage of total count
 G = Total turns spent on level
                    A         B        C        D         E        F      G
               +---------+---------+-------+---------+---------+-------+---------
         Total |       0 |      23 |   0.0 |       0 |      12 |   0.0 |   214
               +---------+---------+-------+---------+---------+-------+---------
           D:1 |       0 |      15 |   0.0 |       0 |       9 |   0.0 |   106
           D:2 |       0 |       8 |   0.0 |       0 |       3 |   0.0 |   108
               +---------+---------+-------+---------+---------+-------+---------
